 Dungeon Crawl Stone Soup version 0.24.0-13-gcf9b319 (webtiles) character file.

Game seed: 9203062118176893615, levelgen mode: deterministic

40 Aswang the Gusty (level 3, 0/24 HPs)
             Began as a Vampire Air Elementalist on Apr 23, 2020.
             Slain by an adder (1 damage)
             ... on level 2 of the Dungeon.
             The game lasted 00:09:51 (864 turns).

Aswang the Gusty (Vampire Air Elementalist)          Turns: 864, Time: 00:09:51

Health: 0/24       AC:  2    Str:  8    XL:     3   Next: 30%
Magic:  0/6        EV: 14    Int: 17    God:
Gold:   62         SH:  0    Dex: 14    Spells: 6/7 levels left

rFire    . . .     SeeInvis +   (no weapon)
rCold    . . .     Gourm    .   (no shield)
rNeg     . . .     Faith    .   a - +0 robe
rPois    .         Spirit   .   (no helmet)
rElec    .         Reflect  .   (no cloak)
rCorr    .         Harm     .   (no gloves)
MR       .....                  (no boots)
Stlth    +++.......             (no amulet)
HPRegen  0.28/turn              (no ring)
MPRegen  0.10/turn              (no ring)

@: lethally poisoned (0 -> -2), very slightly contaminated, regenerating quickly
A: no food, fangs 3, repulsion field 1, camouflage 1, see invisible, unbreathing
a: Exsanguinate


You were on level 2 of the Dungeon.
You were alive.

You visited 1 branch of the dungeon, and saw 2 of its levels.

You collected 62 gold pieces.

Inventory:

Armour
 a - a +0 robe (worn)
Scrolls
 b - a scroll of identify
Potions
 c - a potion of cancellation


   Skills:
 + Level 2.2 Dodging
 + Level 3.0 Stealth
 + Level 2.5 Spellcasting
 + Level 0.7 Conjurations
 + Level 3.9 Air Magic


You had 6 spell levels left.
You knew the following spells:

 Your Spells              Type           Power        Failure   Level  Hunger
a - Shock                 Conj/Air       ##..         7%          1    N/A

Your spell library contained the following spells:

 Spells                   Type           Power        Failure   Level  Hunger
 Swiftness                Chrm/Air       #.......     12%         2    N/A
 Static Discharge         Conj/Air       ##......     21%         3    N/A
 Airstrike                Air            ###.......   34%         4    N/A
 Lightning Bolt           Conj/Air       ##........   88%         5    N/A

Dungeon Overview and Level Annotations

Branches:
Dungeon (2/15)

Altars:


Innate Abilities, Weirdness & Mutations

You do not eat.
Your natural rate of healing is unusually fast.
You have razor-sharp teeth.
You have supernaturally acute eyesight. (SInv)
You can survive without breathing.
You are surrounded by a mild repulsion field. (EV +2)
Your skin changes colour to match your surroundings (Stealth+).


Message History

You feel sick. The hobgoblin barely misses you. The adder misses you.
The hobgoblin barely misses you.
Okay, then.
Okay, then.
The hobgoblin hits you with a +0 club. The adder barely misses you.
The hobgoblin barely misses you. The adder bites you.
* * * LOW HITPOINT WARNING * * *
The hobgoblin closely misses you. The adder bites you.
* * * LOW HITPOINT WARNING * * *
You are lethally poisoned!
The adder poisons you!
* * * LOW HITPOINT WARNING * * *
You feel sick. The hobgoblin closely misses you.
The hobgoblin hits you but does no damage.
The adder bites you.
* * * LOW HITPOINT WARNING * * *
* * * LOW HITPOINT WARNING * * *
You feel sick. The hobgoblin closely misses you. The adder bites you.
You die...

#. . ...(
#.# _ #....
#..#.#.....
#...#......
..........
.bb......
#gS......
#@gs.....
#########


You could see an adder, a giant cockroach, 2 hobgoblins and 2 bats.

Vanquished Creatures
  An ooze (D:2)
  2 dart slugs (D:1)
  5 bats (D:1)
  A giant cockroach (D:1)
  4 goblins (D:1)
  2 hobgoblins (D:1)
  6 jackals
  2 ball pythons (D:1)
  2 kobolds (D:1)
  A rat (D:1)
26 creatures vanquished.

Notes
Turn   | Place    | Note
-------+----------+-------------------------------------------
     0 | D:1      | Aswang the Vampire Air Elementalist began the quest for the
                  | Orb.
     0 | D:1      | Reached XP level 1. HP: 13/13 MP: 3/3
   186 | D:1      | Gained mutation: Your skin changes colour to match your
                  | surroundings (Stealth+). [potion of mutation]
   186 | D:1      | Gained mutation: You are surrounded by a mild repulsion
                  | field. (EV +2) [potion of mutation]
   201 | D:1      | Reached XP level 2. HP: 19/19 MP: 0/5
   702 | D:1      | Reached XP level 3. HP: 24/24 MP: 0/6
   852 | D:2      | Found a faded altar of an unknown god.
   863 | D:2      | HP: 1/24 [adder (1)]
   864 | D:2      | Slain by an adder

Levels and vault maps discovered:
D:1:      nzn_arrival_crosshair, layout_rooms, serial_bayou,
          serial_bayou_ford_a, serial_bayou_lagoon_a, serial_bayou_pond_d,
          serial_bayou_pond_e
D:2:      layout_rooms, chequers_ecumenical_altar_simple_redux

Action                   || total
-------------------------++-------
Melee: Unarmed           ||    10
Throw: Javelin           ||     6
 Cast: Shock             ||    45
  Use: Scroll            ||     6
       Potion            ||     2
Armor: Robe              ||    10
       Skin              ||     8
Dodge: Dodged            ||    42
